Map: Orbital Shipyard

Players

MorN - Winner!

  • Race: Terran Terran
  • League: Master

Mariuslol

  • Race: Zerg Zerg
  • League: Diamond

VOD

Have the link to the VOD?

Description

Time

  • Played on: Nov. 20, 2015, 3:38 p.m.
  • Length: 11:55
Show
View Real Time Build Order
Export as new Build Order

MorN Terran - Winner!

Build Orders: Liberator Opening, Reaper Expand, MMM Bio 

Get SALT Encoding   

  12  0:00  SCV  
  13  0:13  SCV  
  14  0:17  Supply Depot  
  14  0:25  SCV  
  15  0:39  SCV  
  15  0:40  Barracks  
  16  0:51  SCV  
  16  0:52  Refinery  
  17  1:03  SCV  
  18  1:16  SCV  
  19  1:30  Orbital Command  
  19  1:34  Reaper  
  20  1:41  Command Center  
  20  1:53  Supply Depot  
  20  1:57  SCV  
  21  2:06  Reaper  
  22  2:11  SCV  
  23  2:23  SCV  
  24  2:30  Factory  
  24  2:39  SCV  
  24  2:40  Refinery  
  24  2:43  Command Center  
  25  2:51  SCV  
  26  2:55  Barracks Reactor  
  26  2:56  Orbital Command  
  26  3:03  SCV  
  27  3:15  SCV  
  28  3:24  SCV, Starport  
  29  3:27  SCV  
  30  3:36  SCV  
  30  3:39  Barracks Tech Lab  
  30  3:40  SCV  
  32  3:44  Liberator  
  32  3:47  Hellion x2  
  36  3:48  SCV  
  36  3:52  SCV  
  38  3:58  Orbital Command  
  38  4:01  SCV  
  42  4:04  SCV  
  42  4:08  Hellion x2  
  42  4:09  Marauder  
  48  4:13  SCV  
  48  4:16  SCV, Bunker  
  50  4:19  Stimpack  
  50  4:25  SCV x2  
  50  4:30  Hellion x2  
  50  4:31  Marauder  
  58  4:32  Supply Depot  
  58  4:38  SCV  
  58  4:41  Supply Depot  
  58  4:42  Refinery  
  58  4:43  Refinery, Engineering Bay  
  58  4:45  Engineering Bay  
  59  4:47  Liberator  
  59  4:57  Marauder  
  61  5:05  SCV x2  
  61  5:29  Terran Infantry Weapons Level 1, Terran Infantry Armor Level 1, SCV  
  61  5:31  Marauder  
  60  5:42  Orbital Command  
  60  5:43  Liberator  
  57  5:53  Marauder  
  57  5:55  Hellion x2  
  59  6:02  SCV  
  59  6:07  Supply Depot  
  56  6:19  Marine  
  56  6:23  SCV x2  
  59  6:30  SCV  
  60  6:39  Barracks  
  60  6:43  Barracks  
  60  6:44  Marine  
  60  6:45  Armory  
  60  6:46  Factory Reactor  
  60  6:47  Supply Depot  
  61  6:50  Supply Depot, SCV  
  62  6:57  Starport Reactor  
  62  6:58  SCV  
  62  6:59  SCV  
  64  7:02  SCV  
  65  7:09  Combat Shields  
  65  7:13  SCV  
  66  7:17  SCV  
  66  7:20  SCV  
  66  7:22  Barracks, Marauder  
  70  7:25  Barracks  
  70  7:30  SCV  
  70  7:33  Factory Reactor, Marine x2  
  70  7:35  Marine x2  
  70  7:36  Terran Infantry Weapons Level 2, Terran Infantry Armor Level 2  
  75  7:37  Terran Vehicle Weapons Level 1  
  75  7:38  SCV  
  75  7:42  SCV  
  75  7:43  Marine  
  78  7:46  Medivac x2  
  82  8:03  Marine x4  
  86  8:05  Orbital Command  
  86  8:06  SCV x2  
  88  8:13  Supply Depot, Widow Mine x2  
  88  8:16  Barracks Reactor  
  88  8:17  Barracks Tech Lab  
  88  8:18  SCV  
  93  8:22  Barracks x2  
  93  8:25  Barracks  
  93  8:34  Marine x4  
  93  8:40  Marauder x2  
  101  8:45  Supply Depot  
  101  8:47  Supply Depot x2  
  101  8:48  SCV x2, Medivac x2  
  101  8:49  SCV  
  101  8:50  Supply Depot  
  101  8:52  Marine  
  101  8:54  Supply Depot  
  109  9:06  Marine x4  
  109  9:07  Marauder x2  
  109  9:08  Supply Depot  
  117  9:18  Medivac x2  
  117  9:21  Marine x2  
  117  9:22  Barracks Reactor, Barracks Tech Lab  
  117  9:23  Barracks Reactor, Widow Mine x2  
  127  9:24  Marine x2  
  127  9:28  Marauder x2  
  131  9:42  Marine x3  
  131  9:43  Marine x2, Marauder  
  138  9:46  SCV x2  
  138  9:48  SCV, Medivac x2  
  138  9:49  Marauder x2  
  138  9:50  Refinery  
  149  9:56  Command Center  
  149  9:58  SCV x2  
  149  10:00  SCV  
  149  10:04  Marauder, Marine x4  
  153  10:10  SCV  
  153  10:11  SCV, Marauder  
  153  10:13  SCV, Refinery  
  157  10:14  Liberator x2  
  157  10:15  Marauder  
  157  10:30  Supply Depot  
  157  10:31  Widow Mine  
  157  10:32  Supply Depot  
  157  10:33  Supply Depot  
  165  10:38  Marauder  
  165  10:39  Marauder  
  165  10:40  Widow Mine  
  165  10:41  Marauder  
  150  10:57  Marine x3  
  150  10:59  Marauder  
  150  11:01  Marauder, Marine x2  
  150  11:02  SCV, Marauder  
  154  11:06  Supply Depot  
  154  11:08  Marine x2  
  156  11:14  Medivac x2  
  147  11:19  Marine  
  147  11:20  Marine  
  147  11:21  Marauder  
  147  11:22  Marauder  
  147  11:23  Marauder  
  142  11:28  Marine x3  
Show
View Real Time Build Order
Export as new Build Order

Mariuslol Zerg 

Build Orders: Hatch First 

Get SALT Encoding   

  12  0:04  Drone  
  13  0:13  Overlord  
  13  0:18  Drone  
  14  0:32  Drone x2  
  16  0:38  Drone  
  17  0:54  Hatchery  
  17  0:56  Drone  
  17  1:09  Spawning Pool  
  16  1:11  Drone  
  16  1:15  Extractor  
  16  1:17  Drone  
  17  1:21  Drone  
  18  1:33  Drone  
  19  1:44  Overlord  
  19  1:57  Queen, Zergling x2  
  22  2:06  Zergling x2  
  22  2:07  Zergling x2, Queen  
  26  2:17  Drone  
  26  2:22  Metabolic Boost, Drone  
  28  2:25  Drone  
  29  2:32  Drone  
  29  2:37  Drone, Extractor  
  29  2:39  Roach Warren  
  29  2:42  Drone  
  30  2:46  Drone  
  31  2:54  Drone  
  31  2:56  Overlord  
  32  3:02  Overlord  
  30  3:22  Roach  
  30  3:23  Roach x5  
  41  3:27  Roach  
  41  3:31  Roach  
  45  3:35  Overlord  
  45  3:41  Zergling x4  
  47  3:45  Zergling x2  
  48  3:54  Zergling x4  
  50  3:57  Evolution Chamber  
  50  3:59  Zergling x4  
  51  4:07  Zergling x6  
  54  4:10  Zergling x2  
  55  4:34  Ravager x4  
  55  4:36  Overlord x2  
  59  4:53  Drone  
  59  4:54  Drone x2  
  60  5:04  Drone x3  
  60  5:05  Drone  
  58  5:26  Drone x6  
  58  5:27  Drone x3  
  67  5:30  Ravager x2  
  67  5:33  Lair  
  64  5:41  Drone  
  64  5:42  Drone  
  64  5:52  Overlord  
  64  5:54  Hatchery  
  64  5:55  Extractor  
  62  5:58  Extractor  
  61  6:05  Zerg Missile Weapons Level 1  
  61  6:07  Drone  
  61  6:08  Drone x8  
  70  6:11  Queen  
  72  6:27  Spore Crawler  
  72  6:28  Roach x4  
  72  6:32  Baneling Nest, Roach  
  80  6:33  Glial Reconstitution  
  80  6:45  Pneumatized Carapace  
  80  6:46  Overlord  
  80  6:48  Overlord x2  
  77  6:58  Drone x2  
  79  7:03  Drone x4  
  79  7:06  Spine Crawler  
  82  7:10  Drone x2  
  82  7:11  Drone, Spire  
  82  7:14  Overlord  
  85  7:15  Drone  
  85  7:17  Drone  
  86  7:32  Drone x6  
  86  7:35  Overlord  
  86  7:36  Roach  
  86  7:37  Roach  
  96  7:39  Ravager x4  
  96  7:40  Ravager  
  96  7:41  Spore Crawler  
  96  7:43  Drone  
  101  7:51  Extractor  
  100  7:52  Drone x3, Extractor  
  100  7:56  Roach x2  
  100  7:57  Roach x3  
  112  8:04  Drone  
  112  8:05  Drone  
  114  8:19  Hatchery  
  113  8:25  Corruptor  
  113  8:26  Corruptor x2  
  119  8:28  Hatchery  
  118  8:35  Overseer  
  118  8:36  Overlord x2, Corruptor  
  120  8:45  Overlord  
  120  8:46  Spine Crawler  
  119  8:50  Evolution Chamber  
  119  8:52  Overlord  
  118  8:58  Zerg Flyer Weapons Level 1  
  118  8:59  Spine Crawler  
  118  9:01  Corruptor  
  118  9:02  Corruptor  
  121  9:10  Overseer  
  121  9:11  Overseer  
  121  9:13  Ravager x3  
  121  9:14  Zergling x10  
  121  9:16  Drone x2  
  131  9:17  Drone  
  131  9:23  Corruptor  
  134  9:36  Evolution Chamber  
  134  9:38  Evolution Chamber  
  132  9:53  Corruptor x2  
  132  9:54  Corruptor x3  
  132  9:56  Roach x3  
  144  10:03  Hatchery, Spore Crawler  
  142  10:07  Overlord  
  142  10:08  Zergling x8  
  142  10:09  Zergling x4  
  148  10:22  Infestation Pit  
  148  10:25  Drone x2  
  148  10:27  Zergling x2  
  148  10:28  Zergling x16  
  92  10:51  Zergling x20  
  92  10:52  Zergling x4  
  104  11:01  Drone x3, Extractor  
  104  11:02  Extractor  
  101  11:08  Zergling x4  
  101  11:09  Overseer  
  95  11:19  Zergling x8  
  95  11:23  Zergling x4  
  79  11:34  Zergling x2  
  79  11:38  Zergling x8  
Tags
 
Add a new tag
Caveats
  • Supply blocks, unpowered buildings, or Contaminate may cause inaccurate times.
  • Supply counts are checked every 10 seconds.